 Dungeon Crawl Stone Soup version 0.27-a0-797-g27d10ad80f (webtiles) character file.

Game seed: 12566871006770652920

88 Lanoc the Poker (level 4, -5/37 HPs)
             Began as a Merfolk Abyssal Knight on Mar 28, 2021.
             Was a Follower of Lugonu.
             Killed from afar by an orc wizard (8 damage)
             ... with a magic dart
             ... on level 3 of the Dungeon.
             The game lasted 00:02:52 (3336 turns).

Lanoc the Poker (Merfolk Abyssal Knight)            Turns: 3336, Time: 00:02:53

Health: -5/37      AC:  3    Str: 12    XL:     4   Next: 53%
Magic:  6/6        EV: 12    Int: 11    God:    Lugonu [*.....]
Gold:   107        SH:  0    Dex: 14    Spells: 3/3 levels left

rFire    . . .     SeeInvis .   a - +1 spear
rCold    . . .     Faith    .   (no shield)
rNeg     . . .     Spirit   .   b - +0 leather armour
rPois    .         Reflect  .   (no helmet)
rElec    .         Harm     .   (no cloak)
rCorr    .         Rampage  .   (no gloves)
Will     .....                  (no boots)
Stlth    +.........             (no amulet)
HPRegen  0.12/turn              (no ring)
MPRegen  0.10/turn              (no ring)

@: no status effects
A: (nimble swimmer 2), mertail
a: Renounce Religion, Depart the Abyss


You were on level 3 of the Dungeon.
You worshipped Lugonu.
Lugonu was aware of your devotion.
You visited 1 branch of the dungeon, and saw 3 of its levels.
You visited the Abyss 1 time.

You collected 107 gold pieces.

Inventory:

Hand Weapons
 a - a +1 spear (weapon)
Armour
 b - a +0 leather armour (worn)
Wands
 h - a wand of polymorph (10)
Scrolls
 c - 3 scrolls of fear
 d - 6 scrolls of identify
 g - a scroll of enchant armour {unknown}
Potions
 e - a potion of haste
 f - a potion of flight {unknown}
 i - a potion of lignification {unknown}


   Skills:
 + Level 3.9 Fighting
 * Level 4.8 Polearms
 - Level 0.6 Armour
 + Level 3.5 Dodging
 + Level 2.8 Invocations


You had 3 spell levels left.
You didn't know any spells.
Your spell library contained the following spells:

 Spells                   Type           Power      Damage    Failure   Level
 Animate Skeleton         Necr           0%         N/A       41%         1
 Apportation              Tloc           0%         N/A       41%         1
 Corona                   Hex            0%         N/A       41%         1
 Summon Small Mammal      Summ           0%         N/A       41%         1
 Confusing Touch          Hex            0%         N/A       80%         3
 Gell's Gravitas          Tloc           0%         N/A       80%         3
 Petrify                  Tmut/Erth      0%         N/A       99%         4
 Metabolic Englaciation   Hex/Ice        0%         N/A       100%        5
 Yara's Violent Unravell  Hex/Tmut       0%         3d3       100%        5


Dungeon Overview and Level Annotations

Branches:
Dungeon (3/15)

Altars:
Sif Muna


Innate Abilities, Weirdness & Mutations

((You are quick and stealthy while swimming. (Stealth+, EV+, Speed+++)))
Your lower body shifts to a powerful aquatic tail in water.


Message History

No target in view!
Things that are here:
a +0 dagger; a goblin corpse
Things that are here:
a +0 dagger; a goblin corpse An orc wizard comes into view.
It is wielding a +0 dagger.
The orc wizard shouts!
You hear a shout!
An orc wizard comes into view. It is wielding a +0 dagger.
Found a sparkling book.
Found an escape hatch in the floor.
There is an open door here.
The orc wizard points at you and mumbles some strange words.
The magic dart hits you!
You reach to attack!
You hit the orc wizard but do no damage.
Your legs become a tail as you enter the water.
The orc wizard casts a spell at you. The puff of flame hits you!
The orc wizard points at itself and mumbles some strange words.
The orc wizard flickers and vanishes!
Deactivating autopickup; reactivate with Ctrl-A.
You are too injured to fight recklessly!
You are too injured to fight recklessly!
You miss something.
You are engulfed in a cloud of scalding steam.
The orc wizard misses you. Something barely misses you.
You miss the orc wizard.
The orc wizard hits you with a +0 dagger.
* * * LOW HITPOINT WARNING * * *
Something hits you.
* * * LOW HITPOINT WARNING * * *
The orc wizard is engulfed in a cloud of scalding steam.
The orc wizard gestures at itself while chanting.
The orc wizard flickers and vanishes!
There is an open door here.
A puff of flame appears from out of thin air!
The puff of flame hits you.
* * * LOW HITPOINT WARNING * * *
A magic dart appears from out of thin air!
The magic dart hits you!
You die...

### ### #.# #.# #.# #### #.#
#.# ######..########.# #.#
#.≈..#8..#...)...# #.#
#{≈..'._...####### #.#
#{§..#8@.#..#
##.########..###.#
#....#########.#.# ####
#......##.# #..#.# #...
#.####.##.###....#########.##
#.# #.##.#.........)......#
#.# #.##.#.#....###########
#.# #.##.#.#.......#######
#.# #.##.#.#.#..##........


There were no monsters in sight!

Vanquished Creatures
  An orc wizard (D:3)
  A worm (D:2)
  2 dart slugs
  2 orcs (D:3)
  6 endoplasms
  2 giant cockroaches (D:1)
  A hobgoblin (D:1)
  6 jackals
  5 kobolds
  A quokka (D:1)
  6 ball pythons
  6 bats
  4 frilled lizards
  4 goblins
  2 rats
49 creatures vanquished.

Vanquished Creatures (others)
  A fungus (D:1)
1 creature vanquished.

Grand Total: 50 creatures vanquished

Notes
Turn   | Place    | Note
-------+----------+-------------------------------------------
     0 | Abyss:1  | Lanoc the Merfolk Abyssal Knight began the quest for the
                  | Orb.
     0 | Abyss:1  | Reached XP level 1. HP: 18/18 MP: 2/2
    29 | Abyss:1  | Found a corrupted altar of Lugonu.
   103 | Abyss:2  | Found a corrupted altar of Lugonu.
   103 | Abyss:2  | Noticed a starcursed mass
   103 | Abyss:2  | Noticed a tentacled starspawn
   103 | Abyss:2  | Noticed a neqoxec
   103 | Abyss:2  | Noticed a wretched star
   103 | Abyss:2  | Noticed an ancient zyme
   103 | Abyss:2  | Noticed a small abomination
   103 | Abyss:2  | Noticed an ancient zyme
   103 | Abyss:2  | Noticed a small abomination
   103 | Abyss:2  | Noticed an ice beast
   104 | D:1      | Escaped the Abyss
   487 | D:1      | Reached * piety under Lugonu
   488 | D:1      | Reached XP level 2. HP: 24/24 MP: 3/3
  1448 | D:2      | Reached XP level 3. HP: 29/29 MP: 4/4
  1474 | D:2      | Reached skill level 4 in Polearms
  1708 | D:2      | Found a faded altar of an unknown god.
  2965 | D:3      | Reached XP level 4. HP: 37/37 MP: 5/5
  3304 | D:3      | Found a shimmering blue altar of Sif Muna.
  3336 | D:3      | Killed from afar by an orc wizard

Illustrated notes

Levels and vault maps discovered:
D:1:      tarquinn_simple_flora_water_d, layout_loops_corners,
          columned_hall_lemuel, st_stairs_2, nrook_mini_vaults
D:2:      layout_rooms, chequers_ecumenical_altar_simple_redux
D:3:      layout_loops_ring, led_sif_book, serial_glass, glass_columns_a,
          glass_columns_b, roderic_serpentine_path

Skill      XL: |  1  2  3 |
---------------+----------+-----
Dodging        | 3 |  3.5
Polearms       | 4 |  4.8
Fighting       | |  3.9
Armour         | |  0.6
Invocations    | |  2.8

Action                   |  1- 3 |  4- 6 || total
-------------------------+-------+-------++-------
Melee: Spear             |   161 |    27 ||   188
Invok: Depart the Abyss  |     1 |       ||     1
  Use: Scroll            |     1 |       ||     1
       Potion            |     1 |       ||     1
 Stab: Sleeping          |     2 |       ||     2
Armor: Leather armour    |    18 |     1 ||    19
Dodge: Dodged            |    63 |     8 ||    71

Table legend: (Time is in decaauts)
 A = Elapsed time spent in this place.
 B = Non-inter-level travel time spent in this place.
 C = Inter-level travel time spent in this place.
 D = Time resting spent in this place.
 E = Time spent auto-exploring this place.
 F = Levels seen in this place.
 G = Mean time per level.
                   A        B        C        D        E       F      G
               +--------+--------+--------+--------+--------+-----+--------+
         Total |   3303 |   3221 |     82 |      0 |   2866 |   5 |  660.6 |
       Dungeon |   3200 |   3118 |     82 |      0 |   2796 |   3 | 1066.7 |
         Abyss |    103 |    103 |      0 |      0 |     70 |   2 |   51.5 |
               +--------+--------+--------+--------+--------+-----+--------+

Top non-repeatable levels by time:
     D:1: 1321 daAuts
     D:3: 1012 daAuts
     D:2: 865 daAuts
 Abyss:1: 103 daAuts
 Abyss:2: 0 daAuts
